 Dungeon Crawl Stone Soup version 0.14.0-15-g6b16f67 (webtiles) character file.

883 Qrupt the Twirler (level 7, -8/43 HPs)
             Began as a Tengu Gladiator on Apr 18, 2014.
             Killed by divine providence
             ... invoked by an orc priest
              (11 damage)
             ... on Level 4 of the Dungeon.
             The game lasted 00:14:33 (4541 turns).

Qrupt the Twirler (Tengu Gladiator)                 Turns: 4541, Time: 00:14:35

HP  -8/43        AC  3     Str 16      XL: 7   Next: 43%
MP   9/9         EV 14     Int  8      God:
Gold 272         SH  0     Dex 16      Spells:  0 memorised,  6 levels left

rFire  . . .     SeeInvis .     a - +0 quarterstaff
rCold  . . .     Clarity  .     b - +0 leather armour
rNeg   . . .     Conserve .     (no shield)
rPois  .         rCorr    .     c - +0 hat
rElec  .         rRot     .     (no cloak)
SustAb . .       Spirit   .     (no gloves)
rMut   .         Warding  .     (boots unavailable)
Saprov . . .     Stasis   .     (no amulet)
MR     .....                    (no ring)
                                (no ring)

@: not resistant to hostile enchantments, unstealthy
A: able to fly, beak, talons 3
a: Fly


You were on level 4 of the Dungeon.
You were very hungry.

You visited 1 branch of the dungeon, and saw 4 of its levels.

You collected 272 gold pieces.

Inventory:

Hand weapons
 a - a +0,+0 quarterstaff (weapon)
Missiles
 d - a throwing net (quivered)
 k - 33 darts
 v - 9 poisoned needles
 B - 7 tomahawks
Armour
 b - a +0 leather armour (worn)
 c - a +0 hat (worn)
Magical devices
 p - a wand of flame (8)
 u - a wand of draining (3) {unknown}
Comestibles
 f - 5 bread rations
Scrolls
 g - 2 scrolls of fear {unknown}
 h - a scroll of remove curse {unknown}
 i - 4 scrolls of identify {unknown}
 j - 2 scrolls of enchant armour {unknown}
 m - a scroll of amnesia {unknown}
 y - a scroll of immolation {unknown}
Jewellery
 l - an uncursed amulet of conservation {unknown}
 w - an uncursed amulet of the gourmand {unknown}
 x - a cursed ring of protection from cold {unknown}
Potions
 e - a potion of degeneration {unknown}
 n - 2 potions of magic {unknown}
 o - a potion of haste
 q - 3 potions of curing {unknown}
 r - a potion of poison {unknown}
 s - a potion of confusion {unknown}
 t - a potion of restore abilities {unknown}
 A - a potion of mutation {unknown}
Magical staves
 z - an uncursed staff of earth {unknown}


   Skills:
 + Level 4.2 Fighting
 + Level 5.4 Staves
 + Level 4.6 Throwing
 + Level 5.4 Dodging


You had 6 spell levels left.
You didn't know any spells.

Dungeon Overview and Level Annotations

Branches:
Dungeon (4/15)
 Temple: D:4-7

Altars:
Vehumet

Annotations:
D:4 Qrupt's ghost, average HaFi


Innate Abilities, Weirdness & Mutations

You can fly.
You have a beak for a mouth.
You have claws for feet.


Message History

Aim: an orc priest, wielding a quarterstaff and wearing a ring mail (moderately wounded)
You throw a throwing net. The throwing net hits the orc priest.
The orc priest is caught in the net!
The orc priest is moderately wounded.
The orc priest struggles against the net.
The helpless orc priest fails to defend itself.
You hit the orc priest but do no damage.
The orc priest is moderately wounded.
The orc priest struggles against the net.
You hit the orc priest but do no damage.
You claw the orc priest!
The orc priest is severely wounded.
The orc priest struggles against the net.
You hit the orc priest but do no damage.
You claw the orc priest, but do no damage.
The orc priest is severely wounded.
The orc priest struggles against the net.
The orc priest invokes the aid of Beogh against you.
Something smites you!
You die...

########### ..... ...##
#######.#.. .... ....
..........# #..# #..# #
####.###..#.#..# #..#.#
#.# #..#.#..###..#.#.#
#.# #........@o.%....#
#.# ##.###.[#.#..###.#
####.####.#....#.#o.#
...[......###..###..#
##...).##...............#
#.###.##.###..###..#.#.#
#.# #....#....# ...#.#
#.###.##.###..###.o# #
##.....##.[..........


You could see an orc priest (caught).

Vanquished Creatures
  Grinder (D:3)
  An orc priest (D:3)
  2 hounds
  A worker ant (D:4)
  2 orc wizards
  A worker ant zombie (D:3)
  8 adders
  2 giant mites (D:1)
  4 worms
  12 orcs
  2 ball pythons (D:2)
  6 goblins
  12 hobgoblins
  6 jackals
  2 quokkas (D:2)
  8 bats
  5 giant cockroaches
  3 giant newts
  4 kobolds (D:1)
  19 rats
101 creatures vanquished.

Notes
Turn   | Place    | Note
--------------------------------------------------------------
     0 | D:1      | Qrupt, the Tengu Gladiator, began the quest for the Orb.
     0 | D:1      | Reached XP level 1. HP: 12/12 MP: 1/1
   117 | D:1      | Reached XP level 2. HP: 14/17 MP: 3/3
   288 | D:1      | Reached XP level 3. HP: 2/22 MP: 4/4
  1071 | D:2      | HP: 1/22 [worm (11)]
  1410 | D:1      | Reached skill level 4 in Dodging
  1429 | D:2      | Reached XP level 4. HP: 27/27 MP: 5/5
  1862 | D:2      | Found a radiant altar of Vehumet.
  2321 | D:2      | Reached XP level 5. HP: 26/32 MP: 7/7
  2810 | D:3      | Noticed Grinder
  3141 | D:3      | Reached XP level 6. HP: 37/37 MP: 8/8
  3546 | D:3      | Paralysed by Grinder for 5 turns
  3567 | D:3      | Killed Grinder
  3567 | D:3      | Reached skill level 5 in Staves
  3567 | D:3      | Reached skill level 5 in Dodging
  3567 | D:3      | Reached XP level 7. HP: 28/42 MP: 9/9
  4084 | D:4      | Noticed Qrupt's ghost (average HaFi)
  4537 | D:4      | HP: 2/43 [orc priest/divine providence (16)]
  4541 | D:4      | Killed from afar by an orc priest

Action                   |  1- 3 |  4- 6 |  7- 9 || total
-------------------------+-------+-------+-------++-------
Melee: Quarterstaff      |    81 |   120 |    53 ||   254
Throw: Throwing net      |     1 |     6 |     3 ||    10
       Dart              |       |    41 |       ||    41
 Stab: Held in net/web   |       |     1 |     2 ||     3
